 Dungeon Crawl Stone Soup version 0.25.1-2-g60ff931df9 (webtiles) character file.

Game seed: 12357243672571065668

617 IcyTea the Quickloader (level 7, 0/40 HPs)
             Began as a Kobold Hunter on Oct 14, 2020.
             Slain by an orc warrior
             ... wielding a +0 glaive
              (14 damage)
             ... on level 6 of the Dungeon.
             The game lasted 00:17:29 (5414 turns).

IcyTea the Quickloader (Kobold Hunter)              Turns: 5414, Time: 00:17:30

Health: 0/40       AC:  7    Str:  6 (9)  XL:     7   Next: 74%
Magic:  7/7        EV: 12    Int: 14 (15) God:
Gold:   248        SH:  0    Dex: 16 (17) Spells: 6/6 levels left

rFire    . . .     SeeInvis .   a - +3 hand crossbow
rCold    . . .     Gourm    .   (shield restricted)
rNeg     + . .     Faith    .   o - +0 ring mail
rPois    .         Spirit   .   (no helmet)
rElec    .         Reflect  .   g - +1 cloak
rCorr    .         Harm     .   (no gloves)
MR       .....                  (no boots)
Stlth    +.........             (no amulet)
HPRegen  0.13/turn              q - ring of positive energy
MPRegen  0.10/turn              (no ring)

@: no status effects
A: small, talons 1, carnivore, clever 1
a: no special abilities


You were on level 6 of the Dungeon.
You were very full.

You visited 1 branch of the dungeon, and saw 6 of its levels.

You collected 248 gold pieces.

Inventory:

Hand Weapons
 a - a +3 hand crossbow (weapon)
 b - a +0 short sword
Missiles
 k - 28 poisoned darts
 y - 10 bolts (quivered)
Armour
 g - a +1 cloak (worn)
 o - a +0 ring mail (worn)
Jewellery
 q - a ring of positive energy (left hand)
 s - an uncursed amulet of faith {unknown}
 v - an uncursed amulet of faith {unknown}
 x - an uncursed amulet of reflection {unknown}
Wands
 m - a wand of acid (11)
 w - a wand of flame (16)
 z - a wand of iceblast (6)
Scrolls
 d - a scroll of enchant weapon
Potions
 c - a potion of lignification {unknown}
 e - a potion of resistance {unknown}
 h - 4 potions of brilliance
 i - a potion of curing
 j - 4 potions of heal wounds
 r - a potion of berserk rage {unknown}
 t - a potion of stabbing {unknown}
 u - a potion of flight {unknown}
Comestibles
 f - 14 rations


   Skills:
 + Level 2.2 Fighting
 - Level 3.3 Short Blades
 - Level 10.0 Crossbows
 - Level 2.4 Dodging
 - Level 1.3 Stealth


You had 6 spell levels left.
You didn't know any spells.
Your spell library was empty.

Dungeon Overview and Level Annotations

Branches:
Dungeon (6/15)
 Temple: D:4-7

Altars:
Cheibriados
Fedhas
Sif Muna
Uskayaw


Innate Abilities, Weirdness & Mutations

You are small and have problems with some larger weapons.
You are carnivorous and can eat meat at any time.
You have sharp toenails.
Your mind is acute. (Int +2)


Message History

Press: ? - help, Shift-Dir - straight line, f/p - orc warrior
Aim: an orc warrior, wielding a +0 glaive and wearing a +0 chain mail (moderately wounded)
You shoot a bolt. The bolt hits the orc warrior.
The orc warrior is moderately wounded.
The orc warrior hits you from afar with a +0 glaive!
Firing (i - inventory. (/) - cycle)
y - 12 bolts (quivered)
Press: ? - help, Shift-Dir - straight line, f/p - orc warrior
Aim: an orc warrior, wielding a +0 glaive and wearing a +0 chain mail (moderately wounded)
You shoot a bolt.
The bolt hits the orc warrior but does no damage.
The orc warrior is moderately wounded.
Firing (i - inventory. (/) - cycle)
y - 11 bolts (quivered)
Press: ? - help, Shift-Dir - straight line, f/p - orc warrior
Aim: an orc warrior, wielding a +0 glaive and wearing a +0 chain mail (moderately wounded)
You shoot a bolt.
The bolt closely misses the orc warrior.
The bolt hits the orc.
The orc is severely wounded.
The orc warrior hits you from afar with a +0 glaive!
You die...

#..###....
#.(...o..(
#.####(###.o(.
#......# . #.####.#
. #.....o# ..
######o# ##.. #(#
..... ######@##
###..###.......#
.........####..#
###..#!.# ...#
##.#..#.##....
#....#.##.####
########....#.##.#
..............##.###
########.#..#.# ...#


You could see an orc warrior and an orc.

Vanquished Creatures
  An ogre (D:4)
  A centaur (D:5)
  A bullfrog (D:6)
  A hound (D:6)
  2 orc priests
  2 orc wizards
  A bullfrog skeleton (D:5)
  A worker ant (D:4)
  7 adders
  An ooze (D:1)
  An adder skeleton (D:4)
  3 worms
  A dart slug (D:2)
  5 leopard geckos
  19 orcs
  6 bats
  2 giant cockroaches
  9 goblins
  9 hobgoblins
  2 jackals (D:1)
  10 kobolds
  A quokka (D:4)
  3 ball pythons
  6 frilled lizards
  A leopard gecko skeleton (D:4)
  4 rats
100 creatures vanquished.

Notes
Turn   | Place    | Note
-------+----------+-------------------------------------------
     0 | D:1      | IcyTea the Kobold Hunter began the quest for the Orb.
     0 | D:1      | Reached XP level 1. HP: 12/12 MP: 1/1
    12 | D:1      | Reached skill level 5 in Crossbows
    69 | D:1      | Reached XP level 2. HP: 9/17 MP: 2/2
   520 | D:1      | Reached XP level 3. HP: 21/21 MP: 3/3
   731 | D:1      | Reached skill level 6 in Crossbows
  1113 | D:2      | Reached skill level 1 in Short Blades
  1143 | D:2      | Reached XP level 4. HP: 24/26 MP: 4/4
  1459 | D:2      | Found a hide-covered altar of Uskayaw.
  1757 | D:2      | Reached XP level 5. HP: 30/30 MP: 5/5
  1976 | D:2      | Found a blossoming altar of Fedhas.
  2563 | D:3      | Reached skill level 7 in Crossbows
  2798 | D:3      | Reached XP level 6. HP: 34/35 MP: 6/6
  2835 | D:3      | Found a snail-covered altar of Cheibriados.
  3430 | D:4      | Reached skill level 8 in Crossbows
  3857 | D:4      | Noticed an ogre
  3975 | D:4      | Killed an ogre
  3975 | D:4      | Reached XP level 7. HP: 22/40 MP: 7/7
  4416 | D:5      | Entered Level 5 of the Dungeon
  4668 | D:5      | Reached skill level 9 in Crossbows
  5052 | D:5      | Found a shimmering blue altar of Sif Muna.
  5363 | D:6      | Gained mutation: You tend to lose your temper in combat.
                  | [potion of mutation]
  5363 | D:6      | Gained mutation: Your spells are a little harder to cast,
                  | but a little more powerful. [potion of mutation]
  5364 | D:6      | Lost mutation: Your spells are a little harder to cast, but
                  | a little more powerful. [potion of mutation]
  5364 | D:6      | Lost mutation: You tend to lose your temper in combat.
                  | [potion of mutation]
  5364 | D:6      | Gained mutation: You have sharp toenails. [potion of
                  | mutation]
  5364 | D:6      | Gained mutation: Your mind is acute. (Int +2) [potion of
                  | mutation]
  5406 | D:6      | Reached skill level 10 in Crossbows
  5414 | D:6      | Slain by an orc warrior

Illustrated notes

Levels and vault maps discovered:
D:1:      minmay_arrival_diagonal_passages, layout_basic
D:2:      layout_loops_cross, fedhas_altar_3, eat_drink_and_be_merry_uskayaw,
          kennysheep_cross_bottleneck, grunt_decor_arrowhead,
          minmay_quadrilaterals
D:3:      layout_loops_ring, marbit_many_paths, first_ration
D:4:      layout_basic
D:5:      layout_gridville, overflow_temple_1_default
D:6:      layout_basic, minitemple, minmay_temple_entry_statues, uniq_sigmund

Skill      XL: |  1  2  3  4  5  6  7 |
---------------+----------------------+-----
Crossbows      | 5 6 7 8 10 | 10.0
Short Blades   | 1 3 |  3.3
Fighting       | |  2.2
Dodging        | |  2.4
Stealth        | |  1.3

Action                   |  1- 3 |  4- 6 |  7- 9 || total
-------------------------+-------+-------+-------++-------
Melee: Short sword       |    26 |   232 |    15 ||   273
       Hand crossbow     |       |       |     1 ||     1
 Fire: Hand crossbow     |    36 |    79 |    64 ||   179
Throw: Dart              |       |    20 |       ||    20
  Use: Scroll            |     2 |     4 |     5 ||    11
       Potion            |       |     2 |     4 ||     6
 Stab: Sleeping          |     1 |       |     1 ||     2
  Eat: Chunk             |     9 |     9 |     4 ||    22
Armor: Leather armour    |     1 |       |       ||     1
       Ring mail         |     5 |    84 |    16 ||   105
Dodge: Dodged            |    19 |   196 |    35 ||   250
